 Dungeon Crawl Stone Soup version 0.25.0-1-g7eea58d2a3 (webtiles) character file.

Game seed: 10411051286655796592

467 Harunobu the Skirmisher (level 6, 0/51 HPs)
             Began as a Demonspawn Berserker on June 13, 2020.
             Was a Priest of Trog.
             Slain by a wraith (4 damage)
             ... in an ossuary.
             The game lasted 00:08:20 (5270 turns).

Harunobu the Skirmisher (Demonspawn Berserker)      Turns: 5270, Time: 00:08:21

Health: 0/51       AC: 11    Str: 19    XL:     6   Next: 81%
Magic:  0/6        EV:  8    Int:  8    God:    Trog [***...]
Gold:   105        SH:  0    Dex: 19    Spells: 5/5 levels left

rFire    . . .     SeeInvis .   i - +4 dagger
rCold    . . .     Gourm    .   (no shield)
rNeg     . . .     Faith    .   u - +0 chain mail
rPois    .         Spirit   +   p - +2 helmet
rElec    .         Reflect  .   (no cloak)
rCorr    .         Harm     .   (no gloves)
MR       .....                  (no boots)
Stlth    ++........             (no amulet)
HPRegen  0.17/turn              (no ring)
MPRegen  0.10/turn              (no ring)

@: mighty, berserk cooldown, hasted and slowed, invisible
A: thin skeletal structure 3, nightstalker 1, magic shield
a: Berserk, Trog's Hand, Renounce Religion


You were in an ossuary.
You worshipped Trog.
Trog was most pleased with you.
You were near starving.

You visited 1 branch of the dungeon, and saw 5 of its levels.
You also visited: Ossuary.

You collected 105 gold pieces.

Inventory:

Hand Weapons
 a - a +0 mace
 i - a +4 dagger (weapon)
 l - a +0 flail
Missiles
 j - 2 throwing nets (quivered)
Armour
 b - a +0 animal skin
 p - a +2 helmet (worn)
 u - a +0 chain mail (worn)
Wands
 w - a wand of flame (22)
 y - a wand of disintegration (16)
Scrolls
 e - 2 scrolls of enchant weapon {unknown}
 g - 6 scrolls of identify {unknown}
 h - 7 scrolls of teleportation {unknown}
 k - a scroll of immolation {unknown}
 q - 3 scrolls of magic mapping {unknown}
 s - 2 scrolls of remove curse {unknown}
Potions
 d - a potion of lignification {unknown}
 m - a potion of invisibility
 n - a potion of mutation {unknown}
 o - a potion of stabbing {unknown}
 r - a potion of heal wounds {unknown}
 t - a potion of curing {unknown}
 x - a potion of might
 z - a potion of brilliance {unknown}
Comestibles
 c - 8 rations


   Skills:
 * Level 5.3 Fighting
 + Level 4.5 Maces & Flails
 - Level 1.7 Armour
 - Level 1.7 Dodging
 + Level 3.6 Stealth


You had 5 spell levels left.
You didn't know any spells.
Your spell library was empty.

Dungeon Overview and Level Annotations

Branches:
Dungeon (5/15)            Ossuary (1/1)
 Temple: D:4-7

Altars:
Okawaru
Xom

Annotations:
D:5 Prince Ribbit


Innate Abilities, Weirdness & Mutations

You have an unnaturally thin skeletal structure. (Dex +6, Stealth++)
You are slightly more attuned to the shadows.
When hurt, damage is shared between your health and your magic reserves.


Message History

You feel as though you will be slow longer.
You hit the wraith.
The wraith is severely damaged.
The wraith hits you.
* * * LOW HITPOINT WARNING * * *
The wraith misses you.
You feel yourself speed up. The wraith hits you!
* * * LOW HITPOINT WARNING * * *
You hit the wraith but do no damage.
The wraith is severely damaged.
The wraith hits you.
* * * LOW HITPOINT WARNING * * *
It was a potion of might.
You feel very mighty all of a sudden.
You are near starving!
The wraith hits you but does no damage.
It was a potion of invisibility.
You fade into invisibility!
The wraith hits you.
You die...

.....###.^.##
.^...##.....## #..
#..'...∩...### #...
#..'.......#W#
...####..####..'...∩...###
....^..........##.....##
#.............###...##
#.......####..# ##.##
#...8.^.@W?#..# ###
##.......####..# #W#
...............# ###
^#..#.#........# #
#+#..####..# #..^'.#..#
..###..####..#
.........^....#
..............#


You could see a wraith.

Vanquished Creatures
  Grinder (D:4)
  A worker ant (D:4)
  Robin (D:2)
  7 gnolls
  7 adders
  3 oozes
  2 worms (D:2)
  3 dart slugs (D:1)
  4 orcs
  7 giant cockroaches
  6 hobgoblins
  12 jackals
  A quokka (D:2)
  A ball python (D:4)
  11 bats
  5 frilled lizards
  9 goblins
  3 goblin zombies (Ossuary)
  9 kobolds
  12 rats
105 creatures vanquished.

Notes
Turn   | Place    | Note
-------+----------+-------------------------------------------
     0 | D:1      | Harunobu the Demonspawn Berserker began the quest for the
                  | Orb.
     0 | D:1      | Reached XP level 1. HP: 18/18 MP: 1/1
   361 | D:1      | Gained mutation: You have a somewhat thin skeletal
                  | structure. (Dex +2, Stealth) [demonic ancestry]
   361 | D:1      | Reached XP level 2. HP: 17/24 MP: 2/2
  1357 | D:1      | Gained mutation: You have a moderately thin skeletal
                  | structure. (Dex +4, Stealth+) [demonic ancestry]
  1357 | D:1      | Reached XP level 3. HP: 29/29 MP: 3/3
  1443 | D:2      | Reached ** piety under Trog
  2103 | D:2      | Gained mutation: You have an unnaturally thin skeletal
                  | structure. (Dex +6, Stealth++) [demonic ancestry]
  2103 | D:2      | Reached XP level 4. HP: 19/37 MP: 4/4
  2471 | D:2      | Reached skill level 4 in Fighting
  2629 | D:2      | Reached skill level 1 in Stealth
  2694 | D:2      | Noticed Robin
  2706 | D:2      | Killed Robin
  3418 | D:3      | Gained mutation: You are slightly more attuned to the
                  | shadows. [demonic ancestry]
  3418 | D:3      | Reached XP level 5. HP: 42/42 MP: 5/5
  3543 | D:3      | Found a shimmering altar of Xom.
  3703 | D:3      | Found a faded altar of an unknown god.
  3878 | D:3      | Found an iron altar of Okawaru.
  4062 | D:3      | Reached *** piety under Trog
  4330 | D:4      | Noticed Grinder
  4339 | D:4      | Paralysed by Grinder for 6 turns
  4348 | D:4      | Killed Grinder
  4348 | D:4      | Reached skill level 5 in Fighting
  4348 | D:4      | Gained mutation: When hurt, damage is shared between your
                  | health and your magic reserves. [demonic ancestry]
  4348 | D:4      | Reached XP level 6. HP: 34/51 MP: 6/6
  5132 | D:5      | Entered Level 5 of the Dungeon
  5151 | D:5      | Noticed Prince Ribbit
  5160 | D:5      | Found a sand-covered staircase.
  5165 | Ossuary  | Entered an ossuary
  5165 | Ossuary  | Noticed a wraith
  5165 | Ossuary  | Noticed a wraith
  5168 | Ossuary  | Noticed a wraith
  5242 | Ossuary  | Noticed a wraith
  5270 | Ossuary  | Slain by a wraith

Illustrated notes

Levels and vault maps discovered:
D:1:      tarquinn_simple_flora_water_a, layout_loops_ring, minmay_tromino_v7
D:2:      layout_basic, uniq_robin
D:3:      layout_basic, lemuel_doored_altar, xom_teletrap_fun, first_ration,
          chequers_ecumenical_altar_lobes
D:4:      layout_basic, uniq_grinder
D:5:      layout_rooms, nicolae_ru_sacrificial_ziggurat, enter_ossuary_5,
          uniq_eustachio, uniq_prince_ribbit1
Ossuary:  ossuary_kennysheep_city_of_the_dead

Skill      XL: |  1  2  3  4  5 |
---------------+----------------+-----
Maces & Flails | 3 4 |  4.5
Fighting       | 4 5 |  5.3
Stealth        | 1 3 |  3.6
Armour         | |  1.7
Dodging        | |  1.7

Action                   |  1- 3 |  4- 6 || total
-------------------------+-------+-------++-------
Melee: Mace              |   105 |       ||   105
       Dagger            |    27 |   211 ||   238
Invok: Berserk           |     1 |     3 ||     4
  Use: Potion            |       |     3 ||     3
 Stab: Sleeping          |     4 |    10 ||    14
       Distracted        |     1 |       ||     1
  Eat: Chunk             |     5 |    11 ||    16
Armor: Animal skin       |    35 |    32 ||    67
       Chain mail        |       |    84 ||    84
Dodge: Dodged            |   113 |   116 ||   229
